 Dungeon Sprint DCSS version 0.31-a0-18-gea43df2a32 (webtiles) character file.

Game seed: 3741434083045097251

4202 bmack86 the Severer (level 10, 0/151 (153) HPs)
             Began as a Minotaur Berserker on May 11, 2023.
             Was a High Priest of Trog.
             Slain by an unseen horror (5 damage)
             ... in the Dungeon (Sprint I: "Red Sonja").
             The game lasted 00:07:25 (1088 turns).

bmack86 the Severer (Minotaur Berserker)            Turns: 1088, Time: 00:07:26

HP:   0/151 (153)   AC:  4    Str: 25    XL:     10   Next: 8%
MP:   18/18         EV: 12    Int:  4    God:    Trog [*****.]
Gold: 839           SH:  0    Dex: 11    Spells: 9/9 levels left

rFire   . . .        l - +3 scythe (drain)
rCold   . . .        (shield currently unavailable)
rNeg    . . .        j - +0 leather armour
rPois   +            (helmet restricted)
rElec   .            (no cloak)
rCorr   .            (no gloves)
SInv    .            (no boots)
Will    .....        (no amulet) Stlth
                     u - ring of Xoaquiwaov {rPois MP+9}
HPRegen 0.45/turn    r - ring of flight
MPRegen 0.16/turn

%: no teleportation
@: berserking (expiring), flying, lightly drained, very quick
A: horns 2, retaliatory headbutt
a: Renounce Religion, Berserk, Trog's Hand, Brothers in Arms


You were in the Dungeon.
You worshipped Trog.
Trog was extremely pleased with you.
You visited 1 branch You collected 1077 gold pieces.
You spent 238 gold pieces at shops.

Inventory:

Hand Weapons
 a - a +0 hand axe
 l - a +3 scythe of draining (weapon)
Missiles
 o - 2 curare-tipped darts
Armour
 b - a +0 animal skin
 j - a +0 leather armour (worn)
 s - a +0 pair of gloves
Jewellery
 m - a ring of protection from fire
 n - a ring of magical power
 r - a ring of flight (right hand)
 u - the ring of Xoaquiwaov (left hand) {rPois MP+9}
   (You found it in the Dungeon)

   [ring of magical power]

   rPois:     It protects you from poison.
   MP:        It affects your magic capacity (+9).
Wands
 i - a wand of roots (1) (quivered)
Scrolls
 h - a scroll of blinking
Potions
 c - 3 potions of curing
 d - a potion of heal wounds
 e - a potion of haste
 f - 2 potions of magic
 g - a potion of berserk rage
 t - a potion of degeneration {unknown}


   Skills:
 + Level 13.6 Fighting
 * Level 18.6 Axes
 + Level 13.5 Armour
 - Level 2.1 Dodging
 - Level 8.0 Evocations


You had 9 spell levels left.
You didn't know any spells.
Your spell library was empty.

Dungeon Overview and Level Annotations

Branches:
Dungeon (1/1)

Altars:
Cheibriados
Dithmenos
Elyvilon
Fedhas
Gozag
Hepliaklqana
Kikubaaqudgha
Makhleb
Nemelex Xobeh
Okawaru
Qazlal
Ru
Sif Muna
Trog
Uskayaw
Vehumet
Wu Jian
Xom
Yredelemnul
Zin
The Shining One
Jiyva
Lugonu

Shops:
D =([


Innate Abilities, Weirdness & Mutations

You have a pair of horns on your head.
You reflexively headbutt those who attack you in melee.


Message History

* * * LOW HITPOINT WARNING * * *
Your life force feels restored.
You completely miss something. Something hits you but does no damage.
You impale the necrophage!! Your headbutt misses the necrophage.
The necrophage is almost destroyed.
The necrophage hits you.
* * * LOW HITPOINT WARNING * * *
You feel drained. The necrophage hits you!
* * * LOW HITPOINT WARNING * * *
You feel drained.
* * * LOW HITPOINT WARNING * * *
Something hits you.
* * * LOW HITPOINT WARNING * * *
Okay, then.
You puncture the necrophage!
You destroy the necrophage!
Trog accepts your kill. Something hits you.
* * * LOW HITPOINT WARNING * * *
Something hits you but does no damage.
You slash the necrophage!
The necrophage is heavily damaged.
Something hits you.
* * * LOW HITPOINT WARNING * * *
Something hits you.
* * * LOW HITPOINT WARNING * * *
The necrophage closely misses you.
The necrophage hits you but does no damage.
Something hits you but does no damage.
You slash the necrophage!
The necrophage is almost destroyed.
Something hits you but does no damage. Something hits you!
* * * LOW HITPOINT WARNING * * *
The necrophage closely misses you. The necrophage barely misses you.
You furiously retaliate!
You headbutt the necrophage! You impale something!! Trog accepts your kill.
Reactivating autopickup.
You feel a bit more experienced. Something hits you.
You die...

#_..__##_.#'##'#####'###
#_____###'#.#.(..###.'.#
#########.####'###(###.#
.......'...'[....'.∩##.#
++++####...###########§#
###.###... #.#
#.#'#.#... +§#
#.....#++.######§#
#.....#..†@{§§.#§#
#######..nn..§#'§#
(?!.......~####
/$.......~~#
.......~~~## ##..~~~~###
+######+


You could see 2 necrophages.

Vanquished Creatures
  2 centaur warriors (D)
  Sonja (D)
  A deep troll (D)
  An oklob plant (D)
  An unseen horror (D)
  A hornet (D)
  Sigmund (D)
  A slime creature (D)
  A yak (D)
  2 redbacks (D)
  A floating eye (D)
  An ogre (D)
  3 necrophages (D)
  4 jellies (D)
  Ijyb (D)
22 creatures vanquished.

Vanquished Creatures (collateral kills)
  4 jellies (D)
4 creatures vanquished.

Vanquished Creatures (others)
  2 ballistomycete spores (D)
2 creatures vanquished.

Grand Total: 28 creatures vanquished

Notes
Turn   | Place    | Note
-------+----------+-------------------------------------------
     0 | D        | bmack86 the Minotaur Berserker began the quest for the Orb.
     0 | D        | Reached XP level 1. HP: 19/19 MP: 0/0
     2 | D        | Noticed Ijyb
     6 | D        | Killed Ijyb
     7 | D        | Reached skill level 5 in Fighting
     7 | D        | Reached skill level 6 in Axes
     7 | D        | Reached XP level 2. HP: 29/29 MP: 1/1
   140 | D        | Noticed an ogre
   142 | D        | Killed an ogre
   143 | D        | Reached skill level 8 in Axes
   143 | D        | Reached skill level 5 in Armour
   143 | D        | Reached XP level 3. HP: 37/37 MP: 2/2
   143 | D        | Reached XP level 4. HP: 44/44 MP: 3/3
   177 | D        | Noticed Sigmund
   185 | D        | Killed Sigmund
   185 | D        | Reached ** piety under Trog
   186 | D        | Reached skill level 10 in Axes
   186 | D        | Reached XP level 5. HP: 53/53 MP: 4/4
   186 | D        | Reached XP level 6. HP: 61/61 MP: 5/5
   230 | D        | Found a burning altar of Makhleb.
   230 | D        | Found a viscous altar of Jiyva.
   230 | D        | Found a shimmering altar of Xom.
   230 | D        | Found a corrupted altar of Lugonu.
   230 | D        | Noticed a slime creature
   236 | D        | Killed a slime creature
   237 | D        | Reached skill level 11 in Axes
   237 | D        | Reached skill level 5 in Evocations
   274 | D        | Found an ornate altar of the Wu Jian Council.
   274 | D        | Found a shimmering blue altar of Sif Muna.
   276 | D        | Found a radiant altar of Vehumet.
   310 | D        | Found Saefen's Weapon Emporium.
   310 | D        | Found an ancient bone altar of Kikubaaqudgha.
   310 | D        | Found a hazy altar of Hepliaklqana.
   310 | D        | Found a stormy altar of Qazlal.
   310 | D        | Found a hide-covered altar of Uskayaw.
   310 | D        | Found a blossoming altar of Fedhas.
   310 | D        | Found a bloodstained altar of Trog.
   310 | D        | Found an iron altar of Okawaru.
   310 | D        | Found a basalt altar of Yredelemnul.
   310 | D        | Found a glowing golden altar of the Shining One.
   310 | D        | Found a snail-covered altar of Cheibriados.
   310 | D        | Found a sacrificial altar of Ru.
   310 | D        | Found a glowing silver altar of Zin.
   310 | D        | Found a shadowy altar of Dithmenos.
   310 | D        | Found a white marble altar of Elyvilon.
   310 | D        | Noticed a yak
   314 | D        | Killed a yak
   315 | D        | Reached skill level 12 in Axes
   315 | D        | Reached XP level 7. HP: 53/70 MP: 6/6
   315 | D        | Found an opulent altar of Gozag.
   316 | D        | Found a sparkling altar of Nemelex Xobeh.
   390 | D        | Noticed Sonja
   394 | D        | Killed Sonja
   394 | D        | Reached *** piety under Trog
   395 | D        | Reached skill level 10 in Fighting
   395 | D        | Reached skill level 14 in Axes
   395 | D        | Reached skill level 10 in Armour
   395 | D        | Reached XP level 8. HP: 80/80 MP: 7/7
   474 | D        | Found Kotinu's Jewellery Boutique.
   482 | D        | Bought a ring of flight for 175 gold pieces
   495 | D        | Noticed a deep troll
   501 | D        | Killed a deep troll
   502 | D        | Reached skill level 15 in Axes
   511 | D        | Found Ytuteez's Armour Emporium.
   516 | D        | Bought a +0 pair of gloves for 63 gold pieces
   557 | D        | Identified the ring of Xoaquiwaov {rPois MP+9}
   602 | D        | Noticed a centaur warrior
   605 | D        | Noticed a centaur warrior
   612 | D        | Killed a centaur warrior
   613 | D        | Reached skill level 16 in Axes
   613 | D        | Reached XP level 9. HP: 33/90 MP: 8/8
   615 | D        | Killed a centaur warrior
   616 | D        | Reached skill level 17 in Axes
   825 | D        | Reached **** piety under Trog
   863 | D        | Noticed an oklob plant
   870 | D        | Killed an oklob plant
  1010 | D        | Reached skill level 18 in Axes
  1052 | D        | Paralysed by a floating eye for 4 turns
  1065 | D        | Reached XP level 10. HP: 101/101 MP: 9/9
  1066 | D        | Reached ***** piety under Trog
  1087 | D        | HP: 5/151 [something (7)]
  1088 | D        | Slain by an unseen horror

Illustrated notes

Levels and vault maps discovered:
D:        dungeon_sprint_1 [red_sonja_temple_1, red_sonja_temple_small_1]

Skill      XL: |  1  2  3  4  5  6  7  8  9 |
---------------+----------------------------+-----
Fighting       | 5 6 7 9 10 11 13 | 13.6
Axes           | 6 8 10 12 14 16 18 | 18.6
Armour         | 4 5 7 8 10 11 13 | 13.5
Evocations     | 2 4 5 6 8 |  8.0
Dodging        | |  2.1

Action                     |  1- 3 |  4- 6 |  7- 9 | 10-12 || total
---------------------------+-------+-------+-------+-------++-------
  Melee: Hand axe          |     3 |     7 |       |       ||    10
         Headbutt          |     1 |     2 |     5 |       ||     8
         Halberd           |       |    11 |    29 |    18 ||    58
 Invoke: Berserk           |     2 |     2 |     5 |     1 ||    10
         Brothers in Arms  |       |       |     1 |       ||     1
  Evoke: Wand              |       |       |     6 |       ||     6
    Use: Scroll            |       |       |     3 |       ||     3
 Armour: Leather armour    |       |     2 |     5 |    12 ||    19
  Dodge: Dodged            |     1 |     5 |    13 |     6 ||    25

Table legend: (Time is in decaauts)
 A = Elapsed time spent in this place.
 B = Non-inter-level travel time spent in this place.
 C = Inter-level travel time spent in this place.
 D = Time resting spent in this place.
 E = Time spent auto-exploring this place.
 F = Levels seen in this place.
 G = Mean time per level.
                   A        B        C        D        E       F      G
               +--------+--------+--------+--------+--------+-----+--------+
         Total |   1152 |   1152 |      0 |    727 |      0 |   1 | 1152.0 |
       Dungeon |   1152 |   1152 |      0 |    727 |      0 |   1 | 1152.0 |
               +--------+--------+--------+--------+--------+-----+--------+

Top non-repeatable levels by time:
       D: 1152 daAuts
